 Dungeon Crawl Stone Soup version 0.29.1-12-g30fa7ad0bf (webtiles) character file.

Game seed: 14874160318806569960

10173 wormed the Basher (level 11, -6/71 HPs)
             Began as a Gargoyle Fighter on Dec 21, 2022.
             Was a Believer of the Shining One.
             Mangled by a boulder beetle (43 damage)
             ... on level 11 of the Dungeon.
             The game lasted 00:24:45 (12814 turns).

wormed the Basher (Gargoyle Fighter)               Turns: 12814, Time: 00:24:55

Health: -6/71      AC: 27    Str: 23    XL:     11   Next: 58%
Magic:  11/11      EV:  7    Int: 10    God:    the Shining One [**....]
Gold:   676        SH:  5    Dex:  7    Spells: 10/10 levels left

rFire   . . .      SeeInvis .   t - +1 whip (elec)
rCold   + . .      Faith    +   c - +0 buckler
rNeg    + + .      Spirit   .   x - +0 plate armour
rPois   ∞          Reflect  .   m - +0 helmet
rElec   +          Harm     .   w - +2 cloak {rCorr}
rCorr   +          Rampage  .   (no gloves)
Will    +....                   (no boots)
Stlth   ..........              n - amulet of faith
HPRegen 1.01/turn               b - ring of willpower
MPRegen 0.12/turn               o - ring of protection from cold

@: glowing, unable to drink
A: sickness immunity, AC +8, negative energy resistance 1, electricity
resistance, torment resistance 1, petrification resistance, clumsy 1,
regeneration 1, inability to drink after injury 1
a: Renounce Religion, Divine Shield


You were on level 11 of the Dungeon.
You worshipped the Shining One.
The Shining One was pleased with you.
You visited 2 branches of the dungeon, and saw 12 of its levels.
You also visited: Sewer.

You collected 676 gold pieces.

Inventory:

Hand Weapons
 p - a +2 antimagic spear
 t - a +1 whip of electrocution (weapon)
 D - a +2 whip of venom
Armour
 c - a +0 buckler (worn)
 m - a +0 helmet (worn)
 w - a +2 cloak of preservation (worn)
 x - a +0 plate armour (worn)
 F - a +0 tower shield
Jewellery
 b - a ring of willpower (left hand)
 n - an amulet of faith (around neck)
 o - a ring of protection from cold (right hand)
 z - a ring of resist corrosion
Wands
 y - a wand of flame (39)
 G - a wand of roots (6)
 H - a wand of paralysis (7)
Scrolls
 a - 2 scrolls of blinking
 f - 11 scrolls of teleportation
 g - a scroll of enchant weapon {unknown}
 h - a scroll of silence
 i - a scroll of immolation
 j - a scroll of noise {unknown}
 l - 2 scrolls of vulnerability
 r - 2 scrolls of amnesia
 s - a scroll of enchant armour {unknown}
 u - 4 scrolls of poison
 B - a scroll of fear
 E - 2 scrolls of magic mapping
 J - 2 scrolls of identify
Potions
 d - 3 potions of might
 e - 5 potions of curing
 k - 4 potions of flight
 q - 3 potions of ambrosia
 v - 2 potions of attraction
 A - 3 potions of brilliance
 C - a potion of cancellation
 I - a potion of invisibility


   Skills:
 + Level 9.5 Fighting
 * Level 11.6 Maces & Flails
 + Level 9.4 Armour
 + Level 9.4 Shields


You had 10 spell levels left.
You didn't know any spells.
Your spell library contained the following spells:

 Spells                   Type           Power      Damage    Failure   Level
 Magic Dart               Conj           0%         1d3       99%         1
 Necrotise                Necr           0%         1d4       99%         1
 Shock                    Conj/Air       0%         1d3       99%         1
 Searing Ray              Conj           0%         2d4       100%        2
 Static Discharge         Conj/Air       0%         3-3/arc   100%        2
 Confusing Touch          Hex            0%         N/A       100%        3
 Ozocubu's Armour         Ice            0%         N/A       100%        3
 Swiftness                Air            0%         N/A       100%        3
 Vampiric Draining        Necr           0%         2d6       100%        3
 Airstrike                Air            0%         2d(0-16)  100%        4
 Dispel Undead            Necr           0%         3d6       100%        4
 Fulminant Prism          Conj/Hex       0%         3d6       100%        4
 Petrify                  Tmut/Erth      0%         N/A       100%        4
 Sticky Flame             Conj/Fire      0%         2d3       100%        4
 Agony                    Necr           0%         N/A       100%        5
 Irradiate                Conj/Tmut      0%         3d11      100%        5
 Metabolic Englaciation   Hex/Ice        0%         N/A       100%        5
 Yara's Violent Unravell  Hex/Tmut       0%         3d3       100%        5
 Simulacrum               Ice/Necr       0%         N/A       100%        6
 Enfeeble                 Hex            0%         N/A       100%        7
 Sublimation of Blood     Necr           Unusable   N/A       N/A         2

Dungeon Overview and Level Annotations

Branches:
Dungeon (11/15)            Temple (1/1) D:6           Sewer (visited)
   Lair: D:8-11         Orc: D:9-12

Altars:
Ashenzari
Cheibriados
Dithmenos
Gozag
Hepliaklqana
Nemelex Xobeh
Okawaru
Qazlal
Ru
Sif Muna
Trog
Vehumet
Yredelemnul
Zin
The Shining One

Annotations:
D:3 exclusion: statue


Innate Abilities, Weirdness & Mutations

You are immune to sickness and miasma.
Your stone body is resilient. (AC +8)
You are immune to poison.
You resist negative energy. (rN+)
You are resistant to electric shocks. (rElec)
You are resistant to unholy torment.
You are immune to petrification.
You are clumsy. (Dex -2)
Your natural rate of healing is unusually fast.
You occasionally lose the ability to drink potions when taking damage.


Message History

Lightning courses through the boulder beetle!!
The boulder beetle is heavily wounded.
The boulder beetle bites you but does no damage.
You hit the boulder beetle.
The boulder beetle is heavily wounded.
As you read the scroll of fear, it crumbles to dust.
You assume a fearsome visage.
The boulder beetle looks frightened! x2
You can drink potions again.
The boulder beetle leaps! x2
The boulder beetle curls into a ball and begins rolling!
The boulder beetle waves its antennae.
The boulder beetle leaps!
The boulder beetle hits you but does no damage.
The boulder beetle stops rolling and uncurls.
You hit the boulder beetle.
Your attack snaps the boulder beetle out of its fear.
The boulder beetle is heavily wounded.
You hit the boulder beetle.
The boulder beetle is heavily wounded.
The boulder beetle bites you.
You hit the boulder beetle but do no damage.
Lightning courses through the boulder beetle!
The boulder beetle is severely wounded.
You hit the boulder beetle but do no damage.
The boulder beetle is severely wounded.
The boulder beetle bites you but does no damage.
You hit the boulder beetle but do no damage.
The boulder beetle is severely wounded.
You hit the boulder beetle but do no damage.
Lightning courses through the boulder beetle!
The boulder beetle is severely wounded.
The boulder beetle leaps!
The boulder beetle curls into a ball and begins rolling!
You hit the boulder beetle but do no damage.
Lightning courses through the boulder beetle!
The boulder beetle is almost dead.
The boulder beetle hits you!!!
You feel threatened and lose the ability to drink potions!
Ouch! That really hurt!
You die...

#...### ###...# ###.# #
######.## ###.#
#.......# .....
#.#####.# ...... ###
#.....#.# ###......
#.#######.#.####††.....$
#...#.....#..°B@.#
###...#####.######
###.......# ######.##
#.# #.# #.# #.# #.#


You could see a boulder beetle (rolling).

Vanquished Creatures
  A catoblepas (D:8)
  2 two-headed ogres
  A cyclops (D:10)
  Joseph (D:9)
  An unseen horror (D:10)
  An unseen horror (shapeshifter) (D:8)
  The ghost of PorkyPig the Conjurer, a novice GrCj of Hepliaklqana (D:5)
  Grinder (Sewer)
  Sigmund (D:2)
  A basilisk (D:6)
  A wyvern (D:8)
  7 yaks
  2 vampire mosquitoes (D:11)
  3 water moccasins
  An acid dragon (D:8)
  Duvessa (D:5)
  5 ice beasts
  4 orc warriors
  2 black bears
  3 sky beasts
  An ogre (D:5)
  A centaur (D:7)
  2 bullfrogs
  A phantom (D:6)
  4 kobold brigands
  2 necrophages
  2 scorpions
  8 wights
  Dowan (D:5)
  6 killer bees
  8 howler monkeys
  4 hounds
  4 quasits (D:5)
  2 jellies
  Crazy Yiuf (D:4)
  5 orc priests
  4 iguanas
  3 gnoll boudas
  11 orc wizards
  Robin (D:2)
  12 gnolls
  12 adders
  3 shadow imps (Sewer)
  3 white imps
  2 ufetubi (Sewer)
  2 worms (D:3)
  44 orcs
  3 bats
  A bat zombie (Sewer)
  6 endoplasms
  4 giant cockroaches
  9 goblins
  4 hobgoblins
  A jackal (D:1)
  6 quokkas
  9 ball pythons
  A frilled lizard (D:1)
  31 kobolds
  4 rats
268 creatures vanquished.

Notes
Turn   | Place    | Note
-------+----------+-------------------------------------------
     0 | D:1      | wormed the Gargoyle Fighter began the quest for the Orb.
     0 | D:1      | Reached XP level 1. HP: 14/14 MP: 1/1
   167 | D:1      | Reached XP level 2. HP: 13/19 MP: 2/2
  1186 | D:2      | Reached XP level 3. HP: 21/23 MP: 3/3
  1626 | D:2      | Noticed Sigmund
  1627 | D:2      | Found a faded altar of an unknown god.
  1808 | D:2      | Killed Sigmund
  1809 | D:2      | Reached skill level 4 in Maces & Flails
  1809 | D:2      | Reached XP level 4. HP: 17/29 MP: 4/4
  1809 | D:2      | Reached XP level 5. HP: 19/33 MP: 5/5
  1962 | D:2      | Noticed Robin
  1970 | D:2      | Reached XP level 6. HP: 36/39 MP: 6/6
  1972 | D:2      | Killed Robin
  2736 | D:3      | Found a radiant altar of Vehumet.
  3097 | D:3      | Found a shadowy altar of Dithmenos.
  3137 | D:3      | Found a snail-covered altar of Cheibriados.
  3507 | D:4      | Found a broken altar of Ashenzari.
  3859 | D:4      | Found a runed translucent door.
  3860 | D:4      | Noticed Crazy Yiuf
  4027 | D:4      | Killed Crazy Yiuf
  4063 | D:4      | Gained mutation: You are weak. (Str -2) [potion of
                  | mutation]
  4063 | D:4      | Gained mutation: Your spells are a little harder to cast,
                  | but a little more powerful. [potion of mutation]
  4064 | D:4      | Lost mutation: Your spells are a little harder to cast, but
                  | a little more powerful. [potion of mutation]
  4064 | D:4      | Lost mutation: You are weak. (Str -2) [potion of mutation]
  4064 | D:4      | Gained mutation: Your spells are a little harder to cast,
                  | but a little more powerful. [potion of mutation]
  4106 | D:5      | Entered Level 5 of the Dungeon
  4112 | D:5      | Noticed PorkyPig's ghost (novice GrCj)
  4120 | D:5      | Reached XP level 7. HP: 44/44 MP: 7/7
  4154 | D:5      | Found a transporter.
  4172 | D:5      | Found a transporter.
  4240 | D:5      | Noticed Duvessa
  4241 | D:5      | Noticed Dowan
  4256 | D:5      | Killed Duvessa
  4257 | D:5      | Reached skill level 5 in Fighting
  4257 | D:5      | Reached skill level 5 in Maces & Flails
  4257 | D:5      | Reached skill level 5 in Shields
  4259 | D:5      | Killed Dowan
  4260 | D:5      | Reached skill level 5 in Armour
  4479 | D:5      | Found a glowing drain.
  4490 | Sewer    | Entered a sewer
  4702 | Sewer    | Found an ancient bone altar of Kikubaaqudgha.
  4870 | Sewer    | Reached XP level 8. HP: 42/50 MP: 8/8
  4941 | Sewer    | Noticed Grinder
  4958 | Sewer    | Killed Grinder
  4959 | Sewer    | Reached skill level 6 in Maces & Flails
  5177 | Sewer    | Lost mutation: Your spells are a little harder to cast, but
                  | a little more powerful. [potion of mutation]
  5177 | Sewer    | Gained mutation: You have large cloven feet. [potion of
                  | mutation]
  5177 | Sewer    | Gained mutation: You have hidden genetic potential. [potion
                  | of mutation]
  5608 | D:5      | Reached skill level 7 in Maces & Flails
  5725 | D:5      | Found a sacrificial altar of Ru.
  6024 | D:5      | Killed PorkyPig's ghost
  6025 | D:5      | Reached XP level 9. HP: 30/56 MP: 9/9
  6051 | D:5      | Lost dexterity.
  6260 | D:6      | Gained mutation: You passively dampen the noise of your
                  | surroundings. [hidden potential]
  6525 | D:6      | Reached skill level 8 in Maces & Flails
  6910 | D:6      | Found a hazy altar of Hepliaklqana.
  7259 | D:6      | Found a staircase to the Ecumenical Temple.
  7268 | Temple   | Entered the Ecumenical Temple
  7272 | Temple   | Became a worshipper of the Shining One
  7593 | D:7      | Reached XP level 10. HP: 57/63 MP: 10/10
  7649 | D:7      | Reached skill level 9 in Maces & Flails
  7765 | D:7      | Found a bloodstained altar of Trog.
  7780 | D:7      | Found an opulent altar of Gozag.
  8344 | D:8      | Gained mutation: You have a pair of small antennae on your
                  | head. [hidden potential]
  8344 | D:8      | Lost mutation: You have hidden genetic potential. [hidden
                  | potential expressed]
  8439 | D:6      | Lost mutation: You have a pair of small antennae on your
                  | head. [potion of mutation]
  8439 | D:6      | Lost mutation: You passively dampen the noise of your
                  | surroundings. [potion of mutation]
  8439 | D:6      | Lost mutation: You have large cloven feet. [potion of
                  | mutation]
  8439 | D:6      | Gained mutation: Your magical capacity is low. (-10% MP)
                  | [potion of mutation]
  8439 | D:6      | Gained mutation: Your large and strong wings let you fly.
                  | [potion of mutation]
  8766 | D:8      | Reached * piety under the Shining One
  9350 | D:8      | Noticed a two-headed ogre
  9865 | D:7      | Killed a two-headed ogre
  9866 | D:7      | Reached skill level 10 in Maces & Flails
 10080 | D:8      | Noticed a catoblepas
 10080 | D:8      | Reached ** piety under the Shining One
 10107 | D:8      | Killed a catoblepas
 10326 | D:8      | Noticed an unseen horror
 10326 | D:8      | a komodo dragon changed into an unseen horror
 10339 | D:8      | Killed an unseen horror
 10340 | D:8      | Reached XP level 11. HP: 40/69 MP: 9/9
 10486 | D:8      | Identified the +7 long sword of Joakk {flame, rN++}
 10498 | D:8      | Identified the +6 triple sword of Iwioz {spect, rCorr}
 10510 | D:8      | Identified the +9 short sword of the Beastly God {protect,
                  | rN+ rCorr Int+2}
 10988 | D:9      | Lost mutation: Your large and strong wings let you fly.
                  | [potion of mutation]
 10988 | D:9      | Lost mutation: Your magical capacity is low. (-10% MP)
                  | [potion of mutation]
 10988 | D:9      | Gained mutation: You occasionally lose the ability to drink
                  | potions when taking damage. [potion of mutation]
 10988 | D:9      | Gained mutation: Your natural rate of healing is unusually
                  | fast. [potion of mutation]
 10988 | D:9      | Gained mutation: You are clumsy. (Dex -2) [potion of
                  | mutation]
 11065 | D:9      | Reached skill level 11 in Maces & Flails
 11208 | D:9      | Noticed a two-headed ogre
 11218 | D:9      | Killed a two-headed ogre
 11296 | D:9      | Noticed Joseph
 11344 | D:9      | Killed Joseph
 11631 | D:9      | Found a shimmering blue altar of Sif Muna.
 11632 | D:9      | Found an iron altar of Okawaru.
 11806 | D:9      | Found a sparkling altar of Nemelex Xobeh.
 11922 | D:10     | Entered Level 10 of the Dungeon
 12244 | D:10     | Noticed a cyclops
 12255 | D:10     | Killed a cyclops
 12397 | D:10     | Found a basalt altar of Yredelemnul.
 12763 | D:11     | Noticed a boulder beetle
 12766 | D:11     | Noticed a boulder beetle
 12814 | D:11     | Mangled by a boulder beetle

Illustrated notes

Levels and vault maps discovered:
D:1:      pf_arrival_petrified_forest, layout_loops_ring, grunt_decor_junction,
          st_stairs_11
D:2:      layout_basic, ebering_ecumenical_altar_abandoned,
          minmay_misc_feat_pillars, uniq_robin, uniq_sigmund
D:3:      layout_basic, vehumet_statue, slow_altar_2,
          mainiacjoe_overflow_tiny_flanked
D:4:      layout_cave_pools, lemuel_tele_altar, uniq_crazy_yiuf_cottage
D:5:      layout_loops_ring, mainiacjoe_overflow_cross_hatched,
          portal_sewer_entry_d, gammafunk_ghost_stat_death, uniq_duvessa
D:6:      layout_rooms, mainiacjoe_overflow_alcove_1, temple_statues
D:7:      layout_loops_ring, nicolae_overflow_crystal_walls,
          mainiacjoe_overflow_small_starburst, minivault_22
D:8:      layout_basic, minivault_26, minmay_pinched_square
D:9:      layout_layer_cave, nemelex_diamond_rough_becter,
          nicolae_overflow_hidden_temple, hangedman_decor_clover_reticule,
          uniq_joseph
D:10:     layout_irregular_city, mainiacjoe_overflow_paths
D:11:     layout_roguey, dpeg_lair_monsters, nicolae_trove_entry_crossroad,
          minmay_strange_pillars
Temple:   compressed_dpeg_circular_temple

Skill      XL: |  1  2  3  4  5  6  7  8  9 10 11 |
---------------+----------------------------------+-----
Fighting       | 4 5 6 7 8 9 |  9.5
Maces & Flails | 4 5 7 8 10 11 | 11.6
Armour         | 4 5 6 7 8 9 |  9.4
Shields        | 4 5 6 7 8 9 |  9.4

Action                   |  1- 3 |  4- 6 |  7- 9 | 10-12 || total
-------------------------+-------+-------+-------+-------++-------
Melee: Flail             |   136 |    13 |       |       ||   149
       Whip              |       |   154 |   505 |   573 ||  1232
       Kick              |       |       |    63 |    27 ||    90
  Use: Scroll            |       |     4 |     3 |    13 ||    20
       Potion            |       |     2 |     3 |     3 ||     8
Armor: Scale mail        |   102 |       |       |       ||   102
       Chain mail        |    28 |   110 |   435 |       ||   573
       Plate armour      |       |       |   145 |   375 ||   520
Dodge: Dodged            |    80 |    40 |   224 |   134 ||   478
Block: Buckler           |    41 |    33 |   143 |   126 ||   343
